Map: Moebius Facility XX-1

Players

Tobestian

  • Race: Protoss Protoss
  • League: Platinum

Fullmetal

  • Race: Zerg Zerg

Tenonee - Winner!

  • Race: Zerg Zerg
  • League: Diamond

Mooie - Winner!

  • Race: Terran Terran
  • League: Diamond

VOD

Have the link to the VOD?

Description

Time

  • Played on: July 29, 2016, 6:34 a.m.
  • Length: 12:56
Show
View Real Time Build Order
Export as new Build Order

Tobestian Protoss 

Build Orders: 1 Gate Expand 

Get SALT Encoding   

  12  0:03  Probe (Chrono Boost)  
  13  0:14  Probe (Chrono Boost)  
  14  0:22  Pylon  
  14  0:24  Probe (Chrono Boost)  
  15  0:40  Probe (Chrono Boost), Gateway  
  16  0:53  Probe (Chrono Boost)  
  17  0:58  Assimilator  
  17  1:03  Probe (Chrono Boost)  
  18  1:14  Probe (Chrono Boost)  
  19  1:30  Cybernetics Core  
  19  1:34  Nexus  
  19  1:38  Probe (Chrono Boost)  
  20  1:46  Pylon  
  20  1:48  Probe (Chrono Boost)  
  21  2:02  Probe (Chrono Boost)  
  21  2:04  Assimilator  
  21  2:13  Mothership Core (Chrono Boost)  
  21  2:15  Warp Gate  
  23  2:33  Probe (Chrono Boost)  
  23  2:34  Pylon  
  23  2:36  Gateway  
  24  2:41  Forge  
  25  2:45  Probe (Chrono Boost)  
  25  2:47  Probe (Chrono Boost)  
  26  2:55  Adept  
  28  3:00  Probe x2 (Chrono Boost)  
  30  3:09  Pylon  
  30  3:11  Probe (Chrono Boost)  
  30  3:12  Protoss Ground Weapons Level 1  
  32  3:13  Probe (Chrono Boost)  
  32  3:25  Photon Cannon  
  32  3:31  Probe (Chrono Boost)  
  32  3:32  Probe (Chrono Boost)  
  32  3:34  Sentry  
  36  3:37  Adept  
  38  3:46  Probe (Chrono Boost)  
  38  3:47  Probe (Chrono Boost)  
  40  3:50  Pylon  
  40  3:56  Twilight Council  
  40  4:03  Pylon  
  40  4:09  Gateway  
  40  4:12  Gateway  
  40  4:14  Gateway  
  40  4:19  Blink  
  40  4:20  Photon Cannon  
  40  4:23  Probe (Chrono Boost)  
  42  4:25  Probe (Chrono Boost)  
  42  4:41  Probe x2 (Chrono Boost)  
  44  4:52  Adept x2  
  48  4:53  Probe x2 (Chrono Boost)  
  50  5:02  Robotics Facility  
  50  5:04  Protoss Shields Level 1, Gateway  
  50  5:10  Assimilator  
  50  5:13  Photon Cannon, Assimilator  
  51  5:15  Probe (Chrono Boost)  
  51  5:23  Probe (Chrono Boost)  
  51  5:28  Probe (Chrono Boost)  
  54  5:35  Dark Shrine  
  54  5:37  Probe (Chrono Boost)  
  54  5:45  Probe (Chrono Boost)  
  54  5:46  Adept  
  54  5:47  Adept x2  
  61  5:51  Observer  
  64  6:05  Probe x2 (Chrono Boost)  
  64  6:07  Resonating Glaives  
  64  6:11  Adept x5  
  74  6:19  Pylon  
  74  6:22  Pylon  
  74  6:41  Pylon  
  74  6:46  Robotics Bay  
  74  6:48  Dark Templar, Photon Cannon, Pylon  
  74  6:51  Dark Templar  
  78  7:00  Warp Prism  
  80  7:03  Adept x3  
  86  7:11  Probe x2 (Chrono Boost), Pylon  
  84  7:34  Adept x3  
  84  7:35  Adept  
  84  7:36  Sentry  
  84  7:37  Immortal  
  98  7:58  Robotics Facility  
  98  8:03  Gateway  
  98  8:05  Gateway  
  78  8:15  Disruptor  
  79  8:20  Pylon  
  75  8:32  Stalker x3  
  65  9:11  Immortal  
  65  9:12  Immortal  
  63  9:31  Stalker  
  63  9:32  Stalker x4  
  73  9:43  Protoss Ground Weapons Level 2  
  70  9:54  Disruptor x2  
  70  9:57  Stalker  
  70  9:58  Stalker x4  
  86  10:07  Forge  
  86  10:20  Nexus  
  86  10:25  Pylon  
  86  10:26  Pylon  
  86  10:29  Pylon  
  86  10:34  Assimilator  
  86  10:44  Adept  
  86  10:45  Adept x4  
  96  10:55  Gateway  
  92  11:11  Stalker x3  
  67  11:44  Stalker x5  
  59  12:10  Stalker x3  
  59  12:11  Stalker x2  
  59  12:14  Immortal x2  
  75  12:23  Pylon  
  75  12:24  Pylon  
  75  12:25  Pylon  
  60  12:38  Stalker x4  
  60  12:39  Stalker  
Show
View Real Time Build Order
Export as new Build Order

Fullmetal Zerg 

Build Orders: Pool First, Muta Ling Bane 

Get SALT Encoding   

  12  0:04  Drone  
  13  0:10  Drone  
  14  0:20  Overlord  
  14  0:27  Extractor  
  13  0:29  Drone  
  14  0:42  Drone  
  15  0:43  Drone  
  16  0:53  Drone  
  17  0:59  Drone  
  18  1:09  Spawning Pool, Drone  
  18  1:22  Drone  
  19  1:33  Drone  
  20  1:51  Drone  
  20  1:53  Hatchery  
  20  1:55  Metabolic Boost  
  20  1:57  Zergling x2  
  21  2:03  Zergling x2  
  22  2:18  Overlord  
  22  2:25  Overlord  
  22  2:36  Queen  
  24  2:37  Zergling x2  
  25  2:45  Baneling Nest  
  25  2:51  Zergling x2  
  25  2:56  Evolution Chamber  
  25  2:58  Drone  
  25  3:08  Zergling x2  
  25  3:12  Queen  
  28  3:13  Drone  
  29  3:24  Zerg Melee Weapons Level 1  
  29  3:32  Drone  
  29  3:33  Drone x3  
  33  3:45  Baneling x2  
  33  3:46  Baneling  
  33  3:48  Zergling x8  
  35  3:49  Zergling x2  
  38  3:56  Drone  
  39  4:37  Zergling x2  
  39  4:38  Zergling x12  
  44  4:56  Overlord x3  
  44  5:04  Lair  
  44  5:07  Extractor  
  44  5:13  Spore Crawler  
  42  5:17  Drone x4  
  46  5:24  Baneling x3  
  46  5:25  Baneling  
  46  5:26  Baneling  
  46  5:31  Drone x3  
  46  5:33  Overlord x2  
  49  5:38  Spore Crawler  
  49  5:40  Drone x2  
  49  5:41  Drone  
  51  5:45  Extractor  
  51  5:47  Extractor  
  34  6:29  Drone x3, Spire  
  34  6:30  Drone x2  
  38  6:33  Drone x4  
  38  6:34  Drone x6  
  48  6:44  Overlord x2  
  48  6:55  Zerg Ground Armor Level 1  
  48  6:57  Centrifical Hooks  
  48  7:01  Spore Crawler  
  47  7:13  Infestation Pit  
  46  7:18  Zergling x8  
  46  7:19  Zergling x10  
  55  7:40  Mutalisk  
  55  7:41  Mutalisk x5  
  67  7:47  Baneling x2  
  67  7:48  Baneling  
  60  8:14  Mutalisk x3  
  56  8:37  Zergling x12  
  56  8:38  Zergling x8  
  53  9:07  Mutalisk x2  
  53  9:08  Mutalisk x4  
  46  9:48  Spawning Pool  
  43  10:05  Drone x3  
  46  10:32  Hatchery  
  31  11:11  Zergling x6  
  31  11:12  Zergling x12  
Show
View Real Time Build Order
Export as new Build Order

Tenonee Zerg - Winner!

Build Orders: Hatch First 

Get SALT Encoding   

  12  0:01  Drone  
  13  0:14  Overlord  
  13  0:23  Drone  
  14  0:34  Drone x2  
  16  0:40  Drone  
  17  0:53  Drone  
  18  1:01  Drone  
  19  1:08  Hatchery  
  19  1:09  Extractor  
  17  1:27  Spawning Pool  
  16  1:37  Drone x3  
  19  1:52  Overlord  
  19  2:01  Drone  
  20  2:14  Metabolic Boost  
  20  2:17  Queen  
  20  2:20  Queen  
  24  2:33  Zergling x8  
  24  2:34  Zergling x2  
  29  2:42  Drone  
  30  2:46  Drone  
  31  2:57  Queen x2  
  35  3:07  Overlord  
  35  3:09  Overlord  
  35  3:19  Drone  
  36  3:26  Drone x3  
  39  3:30  Drone, Roach Warren  
  39  3:50  Drone  
  39  3:51  Drone x5  
  44  4:07  Drone x2  
  44  4:08  Drone  
  46  4:10  Extractor x3  
  46  4:15  Lair  
  43  4:27  Drone x3  
  43  4:28  Drone  
  43  4:29  Drone x2  
  48  4:37  Drone  
  49  4:40  Roach  
  49  4:44  Overlord  
  50  4:47  Overlord  
  50  4:52  Drone x2  
  51  4:53  Evolution Chamber  
  50  5:06  Drone  
  51  5:10  Drone  
  52  5:20  Hatchery, Drone  
  52  5:22  Glial Reconstitution  
  52  5:23  Zerg Ground Armor Level 1  
  52  5:28  Spore Crawler  
  51  5:29  Drone x2  
  51  5:35  Zergling x2  
  54  5:41  Roach x2  
  54  5:42  Roach x4  
  66  5:45  Ravager  
  66  5:49  Overlord x2  
  67  6:04  Spire  
  67  6:06  Drone  
  67  6:13  Roach x2  
  67  6:14  Roach x5  
  67  6:15  Roach  
  83  6:28  Ravager  
  83  6:30  Overlord  
  83  6:31  Overlord  
  84  6:41  Drone  
  84  6:42  Drone x2, Overlord x2  
  84  6:43  Overlord  
  84  6:46  Drone  
  88  6:48  Infestation Pit  
  88  6:51  Hydralisk Den  
  87  6:55  Pneumatized Carapace  
  87  6:57  Ravager  
  87  6:59  Roach x2  
  92  7:06  Drone x7  
  92  7:07  Drone x2  
  101  7:09  Zergling x2  
  102  7:18  Zerg Flyer Weapons Level 1  
  102  7:26  Overlord  
  102  7:36  Roach x9  
  102  7:37  Roach  
  122  7:45  Extractor x2  
  122  7:47  Drone x4  
  122  7:48  Overlord  
  122  7:49  Queen  
  122  8:10  Roach x4  
  122  8:11  Roach x6  
  122  8:12  Roach  
  117  8:41  Drone x3  
  117  8:42  Drone x4  
  117  8:44  Drone  
  124  8:56  Zergling x4  
  124  8:57  Zergling x12  
  115  9:31  Mutalisk x10  
  115  9:46  Hatchery  
  115  9:47  Extractor  
  115  9:48  Zerg Ground Armor Level 2  
  115  9:49  Extractor  
  96  10:00  Mutalisk x2  
  96  10:04  Zergling x16  
  96  10:05  Zergling x8  
  112  10:25  Overlord  
  112  10:26  Overlord x3  
  112  10:29  Mutalisk x4  
  112  10:30  Mutalisk  
  122  10:41  Zergling x2  
  122  10:42  Zergling x8  
  123  10:51  Spore Crawler x2  
  123  10:52  Drone x4  
  121  11:18  Zergling x12  
  114  11:19  Zergling x6  
  119  11:47  Mutalisk x8  
  119  11:48  Mutalisk x4  
  119  11:53  Zergling x6  
  131  12:22  Overlord  
  131  12:23  Overlord x2  
  131  12:27  Infestation Pit  
Show
View Real Time Build Order
Export as new Build Order

Mooie Terran - Winner!

Build Orders: Bio Tank 

Get SALT Encoding   

  12  0:01  SCV  
  13  0:13  SCV  
  14  0:22  Supply Depot  
  14  0:26  SCV  
  15  0:43  SCV  
  15  0:45  Barracks  
  16  0:51  Barracks  
  16  0:56  SCV  
  17  1:11  SCV  
  18  1:23  SCV  
  19  1:35  Command Center  
  19  1:43  Marine x2  
  19  1:45  SCV  
  22  1:57  Orbital Command  
  22  2:01  Supply Depot  
  22  2:11  Marine  
  23  2:30  Command Center  
  23  2:33  SCV  
  23  2:36  Marine  
  25  2:39  Marine  
  26  2:50  SCV  
  27  2:53  Bunker, Marine  
  28  3:00  Orbital Command  
  28  3:04  SCV  
  29  3:06  Marine  
  30  3:13  Marine  
  30  3:18  Barracks  
  30  3:19  SCV  
  32  3:24  Marine  
  33  3:31  Marine  
  33  3:32  SCV x2  
  36  3:39  Refinery  
  36  3:40  Refinery  
  36  3:42  Orbital Command  
  36  3:45  Marine  
  36  3:48  Engineering Bay, SCV  
  37  3:54  SCV  
  39  3:59  Marine  
  40  4:06  SCV x2  
  42  4:11  SCV  
  42  4:12  Marine  
  42  4:13  Marine  
  42  4:16  Supply Depot x2  
  45  4:18  SCV  
  45  4:20  Missile Turret  
  45  4:22  Missile Turret  
  46  4:25  Missile Turret  
  46  4:26  Marine  
  46  4:30  Marine x2  
  49  4:43  Barracks x2  
  49  4:44  Marine  
  50  4:46  Factory  
  50  4:50  Barracks Tech Lab  
  50  4:51  Barracks Tech Lab  
  50  4:54  SCV  
  50  4:55  SCV  
  50  4:58  SCV  
  53  5:03  Refinery  
  53  5:06  Refinery  
  53  5:07  SCV  
  53  5:12  Marauder x2  
  58  5:14  Barracks Reactor  
  58  5:17  Stimpack  
  58  5:22  SCV  
  58  5:23  SCV x2  
  61  5:31  Factory Tech Lab, Refinery  
  61  5:33  Refinery  
  61  5:35  Starport  
  61  5:38  Barracks Reactor  
  61  5:40  Barracks Tech Lab  
  61  5:41  Marauder  
  63  5:46  SCV x3  
  66  5:56  Marine x2  
  68  5:58  Combat Shields  
  68  5:59  Siege Tank  
  68  6:01  SCV x3  
  74  6:06  Supply Depot  
  74  6:07  Supply Depot  
  74  6:09  Marauder  
  72  6:23  Marine x3  
  72  6:24  Marine, Marauder  
  72  6:25  SCV x2, Marauder  
  69  6:26  Starport Reactor  
  69  6:28  SCV  
  70  6:44  Marine x2  
  70  6:46  Siege Tank  
  70  6:47  Command Center  
  75  6:53  SCV x2  
  75  6:54  SCV  
  78  7:02  Terran Infantry Armor Level 1  
  78  7:04  Engineering Bay  
  78  7:06  Medivac x2, Armory  
  78  7:08  SCV x3  
  85  7:20  SCV x3  
  85  7:23  Supply Depot  
  85  7:24  Supply Depot  
  85  7:33  Marine x3  
  85  7:34  SCV, Marauder x2  
  93  7:45  Marauder, Siege Tank, SCV x2  
  93  7:49  Factory  
  93  7:50  Starport  
  93  7:51  Starport  
  100  7:56  Marine x3  
  100  7:57  Marauder x2  
  103  8:06  Marauder  
  103  8:08  Marine  
  103  8:09  SCV x3  
  107  8:13  Marine  
  107  8:16  Marine  
  107  8:17  Marine  
  107  8:18  Medivac, Siege Tank, Marauder x2  
  116  8:34  Marine x2  
  117  8:35  SCV x3  
  117  8:37  Factory Tech Lab  
  117  8:39  Starport Reactor x2  
  119  8:47  Missile Turret, SCV x3  
  120  8:49  Orbital Command  
  120  8:53  Terran Vehicle And Ship Armor Level 1  
  119  8:58  Armory  
  119  8:59  Terran Infantry Weapons Level 1, Terran Infantry Armor Level 2  
  119  9:00  Marine x2  
  119  9:01  Marine  
  119  9:02  Armory  
  116  9:04  Liberator x2  
  116  9:06  Marine x2  
  116  9:07  Marine x2  
  116  9:08  SCV x2  
  105  9:18  Marine  
  105  9:20  Medivac x2  
  110  9:30  Marine, SCV x4  
  110  9:31  Marine, Marauder  
  116  9:32  Marauder  
  120  9:39  Barracks x2  
  120  9:40  Barracks  
  120  9:54  Siege Tank  
  123  10:02  Supply Depot x2  
  123  10:03  Supply Depot  
  123  10:04  Supply Depot  
  123  10:05  Supply Depot  
  123  10:06  Concussive Shells, Marine  
  123  10:07  Liberator  
  124  10:18  Terran Ship Weapons Level 1  
  124  10:23  Marine x3, Medivac  
  124  10:24  Marine x3, Siege Tank, Medivac  
  124  10:25  Marine, Medivac x2  
  145  10:33  Command Center  
  145  10:34  Barracks Reactor x3  
  145  10:36  Siege Tank  
  145  10:37  Medivac  
  145  10:41  Marine x4  
  153  10:47  Command Center  
  153  10:55  Command Center, Marine x3  
  153  10:56  Siege Tank  
  159  10:57  Medivac x2  
  159  10:59  Marine  
  159  11:00  Marine  
  153  11:08  Siege Tank  
  153  11:10  Marine  
  143  11:11  Marine x7  
  143  11:13  Marine, Medivac  
  143  11:18  Refinery  
  153  11:20  Refinery  
  152  11:27  Marine x2  
  152  11:28  Liberator, Siege Tank, Marauder x2  
  152  11:30  Medivac x2, Marauder  
  155  11:36  Marine x5  
  155  11:37  Marine x3, Refinery  
  152  11:40  Siege Tank  
  152  11:45  Marine x2  
  154  11:50  Marauder x2  
  154  11:51  Marauder  
  160  11:57  Marine  
  160  11:58  Marine x3  
  160  11:59  Marine x4  
  160  12:00  Siege Tank  
  171  12:03  Marine  
  164  12:11  Marauder x2  
  164  12:12  Marauder  
  164  12:14  Marine  
  171  12:20  Orbital Command  
  191  12:49  Refinery  
  191  12:50  Refinery  
Tags
 
Add a new tag
Caveats
  • Supply blocks, unpowered buildings, or Contaminate may cause inaccurate times.
  • Supply counts are checked every 10 seconds.